 Dungeon Crawl Stone Soup version 0.17.1-2-g5865329 (webtiles) character file.

251 PossumBlood the Archer (level 5, -4/34 HPs)
             Began as a High Elf Hunter on Jan 30, 2016.
             Slain by an iguana (9 damage)
             ... on level 4 of the Dungeon.
             The game lasted 00:08:06 (3449 turns).

PossumBlood the Archer (High Elf Hunter)            Turns: 3449, Time: 00:08:06

Health: -4/34      AC:  5    Str: 11    XL:     5   Next: 88%
Magic:  6/6        EV: 12    Int: 14    God:
Gold:   182        SH:  0    Dex: 17    Spells: 1 memorised, 2 levels left

rFire  x . .     SeeInvis .     i - -2 dagger (curse)
rCold  + . .     Clarity  .     c - +0 leather armour
rNeg   . . .     SustAt   .     (no shield)
rPois  .         Gourm    .     (no helmet)
rElec  .         Spirit   .     f - +0 cloak
rCorr  .         Warding  .     t - +0 pair of gloves
rMut   .         Stasis   .     (no boots)
MR     .....                    (no amulet)
Stlth  ++........               (no ring)
                                l - ring of ice

@: not resistant to hostile enchantments, unstealthy
A: no striking features
a: no special abilities


You were on level 4 of the Dungeon.
You were not hungry.

You visited 1 branch of the dungeon, and saw 4 of its levels.

You collected 182 gold pieces.

Inventory:

Hand Weapons
 a - a +3 shortbow
 b - a +0 short sword
 h - a +2 dagger of holy wrath
 i - a cursed -2 dagger (weapon)
Missiles
 d - 48 arrows
 g - 17 arrows of dispersal
Armour
 c - a +0 leather armour (worn)
 f - a +0 cloak (worn)
 t - a +0 pair of gloves (worn)
Jewellery
 l - a ring of ice (left hand)
Wands
 j - a wand of fire (13)
Scrolls
 p - a scroll of teleportation
Books
 s - a book of Transfigurations

   Spells                             Type                      Level
   a - Stoneskin                      Transmutation/Earth          2
   b - Irradiate                      Conjuration/Transmutation    5
   c - Statue Form                    Transmutation/Earth          6
   d - Hydra Form                     Transmutation                6
   e - Dragon Form                    Transmutation                7
Comestibles
 e - 2 bread rations
 m - 4 meat rations
 n - a royal jelly
 o - 2 beef jerkies
 r - 2 slices of pizza


   Skills:
 - Level 2.0 Fighting
 * Level 9.4 Bows
 - Level 2.1 Dodging
 - Level 1.1 Stealth


You had 2 spell levels left.
You knew the following spells:

 Your Spells              Type           Power        Failure   Level  Hunger
a - Stoneskin             Trmt/Erth      #.......     61%         2    ###....


Dungeon Overview and Level Annotations

Branches:
Dungeon (4/15)
 Temple: D:4-7

Altars:
Cheibriados
Dithmenos
Elyvilon
Fedhas
Sif Muna
Yredelemnul


Message History

You hit the iguana but do no damage. The iguana misses you.
You hit the iguana but do no damage. The iguana bites you!
You hit the iguana but do no damage. The iguana closely misses you.
You hit the iguana but do no damage. The iguana bites you!
You hit the iguana but do no damage. The iguana bites you.
You hit the iguana but do no damage. The iguana closely misses you.
You hit the iguana but do no damage. The iguana closely misses you.
You closely miss the iguana. The iguana closely misses you.
You hit the iguana but do no damage. The iguana bites you.
* * * LOW HITPOINT WARNING * * *
You are too injured to fight recklessly!
You are too injured to fight recklessly!
You are too injured to fight recklessly!
Your leather armour prevents you from hitting the iguana.
The iguana bites you.
* * * LOW HITPOINT WARNING * * *
You hit the iguana.
The iguana is lightly wounded.
The iguana bites you!
You die...

.####...###.# #.# * .#
##.####.# #.# * .#
#......######.# *
.#####.####........# *
.......############# *
.#####...## * .#
##..##.## *
.###.#.###.######### *
......).....>...@l.#**
*
........##.###.......#
* #####...#.##
#####.#.# * #....##
*.#,#***********
#...##
*,#,,,,,,,,,,,,* *
#...# *>*********,,,,*
* #...# *,**** *,**,*
* #...# *,,,,* *,**,*
* #.*,* ****,* *,**,,


You could see an iguana.

Vanquished Creatures
  A hippogriff (D:3)
  Ijyb (D:3)
  Terence (D:3)
  An adder (D:4)
  A worm (D:3)
  A giant gecko (D:3)
  3 orcs
  A ball python (D:2)
  2 giant cockroaches (D:1)
  5 goblins
  4 hobgoblins
  9 kobolds
  A quokka (D:4)
  4 bats
  5 jackals (D:1)
  A quokka skeleton (D:4)
  7 rats
48 creatures vanquished.

Notes
Turn   | Place    | Note
--------------------------------------------------------------
     0 | D:1      | PossumBlood the High Elf Hunter began the quest for the Orb.
     0 | D:1      | Reached XP level 1. HP: 14/14 MP: 2/2
   190 | D:1      | Reached XP level 2. HP: 17/19 MP: 3/3
   289 | D:1      | Reached skill level 6 in Bows
  1029 | D:2      | Found a snail-covered altar of Cheibriados.
  1133 | D:2      | Reached XP level 3. HP: 24/24 MP: 4/4
  1216 | D:2      | Found a shadowy altar of Dithmenos.
  1298 | D:2      | Found a blossoming altar of Fedhas.
  1410 | D:2      | Found a deep blue altar of Sif Muna.
  1891 | D:3      | Noticed Ijyb
  1899 | D:3      | Killed Ijyb
  1899 | D:3      | Reached skill level 7 in Bows
  1899 | D:3      | Reached XP level 4. HP: 21/29 MP: 5/5
  2043 | D:3      | Noticed a hippogriff
  2051 | D:3      | Killed a hippogriff
  2051 | D:3      | Reached skill level 9 in Bows
  2051 | D:3      | Reached XP level 5. HP: 34/34 MP: 6/6
  2111 | D:3      | Noticed Terence
  2119 | D:3      | Killed Terence
  2497 | D:3      | Learned a level 2 spell: Stoneskin
  3015 | D:4      | Found a basalt altar of Yredelemnul.
  3395 | D:4      | Found a white marble altar of Elyvilon.
  3449 | D:4      | Slain by an iguana

Action                   |  1- 3 |  4- 6 || total
-------------------------+-------+-------++-------
Melee: Dagger            |       |    95 ||    95
 Fire: Shortbow          |    90 |    21 ||   111
  Use: Scroll            |     6 |     5 ||    11
       Potion            |       |     2 ||     2
 Stab: Sleeping          |       |     1 ||     1
  Eat: Bread ration      |     1 |     1 ||     2
